 Dungeon Crawl Stone Soup version 0.24-a0-201-gf205589 (webtiles) character file.

Game seed: 3144699138533385803

2232 Azzok the Protected (level 9, -10/68 HPs)
             Began as a Formicid Fighter on Mar 23, 2019.
             Was a Priest of Cheibriados.
             Killed by divine providence
             ... invoked by an orc priest
              (13 damage)
             ... on level 7 of the Dungeon.
             The game lasted 00:10:26 (6594 turns).

Azzok the Protected (Formicid Fighter)              Turns: 6594, Time: 00:10:26

Health: -10/68     AC: 15    Str: 34    XL:     9   Next: 62%
Magic:  11/11      EV:  7    Int: 15    God:    Cheibriados [***...]
Gold:   477        SH: 12    Dex: 16    Spells: 8/8 levels left

rFire    + . .     SeeInvis +   t - +0 dire flail (drain)
rCold    + . .     Gourm    .   c - +0 shield
rNeg     . . .     Faith    +   x - +0 plate armour
rPois    +         Spirit   .   (helmet unavailable)
rElec    +         Reflect  .   i - +0 cloak
rCorr    +         Harm     .   (no gloves)
MR       .....                  (no boots)
Stlth    ..........             k - amulet of faith
HPRegen  0.21/turn              y - ring of poison resistance
MPRegen  0.12/turn              (no ring)

@: mighty, resistant, very slow
A: permanent stasis, dig shafts and tunnels, four strong arms, antennae 3
a: Dig, Shaft Self, Bend Time, Temporal Distortion, Renounce Religion


You were on level 7 of the Dungeon.
You worshipped Cheibriados.
Cheibriados was most pleased with you.
You were not hungry.

You visited 2 branches of the dungeon, and saw 8 of its levels.

You collected 477 gold pieces.

Inventory:

Hand Weapons
 a - a +0 war axe
 t - a +0 dire flail of draining (weapon)
 B - a +2 long sword of flaming
Missiles
 v - a throwing net (quivered)
Armour
 c - a +0 shield (worn)
 i - a +0 cloak (worn)
 x - a +0 plate armour (worn)
Jewellery
 k - an amulet of faith (around neck)
 y - a ring of poison resistance (left hand)
Scrolls
 b - 3 scrolls of immolation {unknown}
 e - 2 scrolls of amnesia {unknown}
 h - 8 scrolls of teleportation {unknown}
 j - 4 scrolls of remove curse {unknown}
 m - 4 scrolls of identify {unknown}
 n - a scroll of blinking {unknown}
 p - 2 scrolls of noise {unknown}
 r - a scroll of fear {unknown}
 s - a scroll of silence {unknown}
 u - a scroll of enchant armour {unknown}
Potions
 d - a potion of might
 g - a potion of brilliance {unknown}
 l - a potion of resistance
 o - a potion of haste
 q - a potion of agility {unknown}
 w - a potion of cancellation {unknown}
 A - a potion of flight {unknown}
Comestibles
 f - 7 rations


   Skills:
 - Level 5.4 Fighting
 + Level 8.1 Axes
 - Level 8.1 Armour
 + Level 5.9 Shields
 + Level 3.3 Invocations


You had 8 spell levels left.
You didn't know any spells.
Your spell library contained the following spells:

 Spells                   Type           Power        Failure   Level  Hunger
 Confusing Touch          Hex            #.....       98%         1    ##.....
 Confuse                  Hex            #.......     100%        3    ####...
 Gell's Gravitas          Tloc           #.........   100%        3    ####...
 Petrify                  Tmut/Erth      #.......     100%        4    #####..
 Metabolic Englaciation   Hex/Ice        #.........   100%        5    ######.
 Yara's Violent Unravell  Hex/Tmut       #.........   100%        5    ######.


Dungeon Overview and Level Annotations

Branches:
Dungeon (7/15)             Temple (1/1) D:6

Altars:
Ashenzari
Cheibriados
Dithmenos
Fedhas
Gozag
Hepliaklqana
Kikubaaqudgha
Makhleb
Nemelex Xobeh
Qazlal
Ru
Trog
Vehumet
Wu Jian
Xom
Yredelemnul
Zin
The Shining One


Innate Abilities, Weirdness & Mutations

You cannot be hasted, slowed, berserked, paralysed or teleported.
You can dig through walls and to a lower floor.
Your four strong arms can wield two-handed weapons with a shield.
You have a pair of large antennae on your head. (SInv)


Message History

The orc warrior hits you with a +0 war axe.
* * * LOW HITPOINT WARNING * * *
The orc priest hits you with a +0 hand axe.
* * * LOW HITPOINT WARNING * * *
You closely miss the orc priest.
The orc warrior hits you but does no damage.
All of the chunks of flesh in your inventory have rotted away.
You feel less confused.
The orc wizard gestures at you while chanting.
You easily resist.
The orc warrior hits you with a +0 war axe!
* * * LOW HITPOINT WARNING * * *
You closely miss the orc priest.
The orc priest looks encouraged for a moment.
The orc warrior barely misses you.
It was a potion of resistance.
You feel protected.
The orc priest calls down the wrath of Beogh upon you.
Beogh smites you!
You die...

··▒···▒·▒▒······▒▒▒▒▒÷····▒▒·▒
··▒· ·▒··········▒··▒▒···▒▒··▒
▒▒▒ ▒▒▒·····▒······▒▒·▒▒▒·▒▒ ▒
▒▒····▒······)······▒
▒▒··▒▒▒··▒▒▒▒▒▒▒▒▒▒▒ ▒·▒▒·▒··▒
▒·····▒▒▒▒ ▒·▒···▒··▒▒
▒····@oo··▒▒ ▒····▒oo···▒▒▒▒
▒▒▒▒·▒(·······▒ ·▒····(······▒
▒········(····▒▒
·····r····)···▒
···▒·····)··▒▒▒ ···▒·········▒
· ·r·······?··▒


You could see an orc warrior, an orc priest, an orc wizard, an orc and a quokka.

Vanquished Creatures
  Sigmund (D:6)
  A hungry ghost (D:6)
  2 orc warriors
  3 sky beasts (D:6)
  A phantom (D:6)
  An ogre (D:6)
  2 centaurs
  3 bullfrogs (D:6)
  Blork the orc (D:5)
  A water moccasin skeleton (D:4)
  3 scorpions
  3 crimson imps (D:6)
  A bullfrog zombie (D:5)
  2 hounds
  A gnoll shaman (D:7)
  2 orc priests (D:7)
  An iguana (D:7)
  2 worker ants
  3 orc wizards
  A killer bee zombie (D:6)
  A hound zombie (D:6)
  A hound skeleton (D:4)
  7 adders
  4 gnolls (D:7)
  3 worms
  3 dart slugs (D:1)
  2 leopard geckos
  13 orcs
  4 bats
  10 giant cockroaches
  9 goblins
  9 hobgoblins
  11 jackals
  3 quokkas
  A ball python (D:3)
  4 frilled lizards
  5 kobolds
  10 rats
135 creatures vanquished.

Notes
Turn   | Place    | Note
-------+----------+-------------------------------------------
     0 | D:1      | Azzok the Formicid Fighter began the quest for the Orb.
     0 | D:1      | Reached XP level 1. HP: 18/18 MP: 1/1
   111 | D:1      | Reached XP level 2. HP: 24/24 MP: 2/2
   397 | D:1      | Reached XP level 3. HP: 30/30 MP: 3/3
  1065 | D:2      | Reached XP level 4. HP: 31/37 MP: 4/4
  1469 | D:2      | Found a glowing silver altar of Zin.
  1806 | D:3      | Reached XP level 5. HP: 26/43 MP: 5/5
  3006 | D:4      | Reached XP level 6. HP: 45/49 MP: 6/6
  3533 | D:4      | Reached skill level 5 in Fighting
  3533 | D:4      | Reached skill level 5 in Armour
  3587 | D:5      | Entered Level 5 of the Dungeon
  3888 | D:5      | Noticed Blork the orc
  3903 | D:5      | Killed Blork the orc
  3903 | D:5      | Reached XP level 7. HP: 35/56 MP: 7/7
  4418 | D:6      | Found a staircase to the Ecumenical Temple.
  4434 | Temple   | Entered the Ecumenical Temple
  4525 | Temple   | Became a worshipper of Cheibriados the Contemplative
  4713 | D:6      | Reached skill level 5 in Axes
  4976 | D:6      | Reached XP level 8. HP: 55/63 MP: 8/8
  5151 | D:6      | Reached * piety under Cheibriados
  5572 | D:6      | Reached ** piety under Cheibriados
  5687 | D:6      | Reached XP level 9. HP: 37/68 MP: 9/9
  5698 | D:6      | Noticed Sigmund
  5704 | D:6      | Killed Sigmund
  5997 | D:6      | Reached skill level 5 in Shields
  5997 | D:6      | Paralysed by fainting for 10 turns
  6303 | D:7      | Found a hazy altar of Hepliaklqana.
  6385 | D:7      | Reached *** piety under Cheibriados
  6592 | D:7      | HP: 3/68 [orc warrior/+0 war axe (8)]
  6594 | D:7      | Killed from afar by an orc priest

Levels and vault maps discovered:
D:1:      psy_arrival_radial02, layout_loops_ring
D:2:      layout_loops_cross, zin_academy
D:3:      layout_loops_corners, first_ration, minmay_vboxes
D:4:      layout_loops_cross
D:5:      layout_gridville, uniq_blork_the_orc
D:6:      layout_basic, minmay_temple_entry_statues_fountains, uniq_sigmund
D:7:      layout_cave_pools, lemuel_round_altar, kennysheep_mini_moat, tgw_sif
Temple:   nicolae_temple_elliptical

Skill      XL: |  1  2  3  4  5  6  7  8  9 |
---------------+----------------------------+-----
Armour         | 4 5 6 8 |  8.1
Fighting       | 4 5 |  5.4
Axes           | 3 4 5 7 8 |  8.1
Shields        | 5 |  5.9
Invocations    | 3 |  3.3

Action                   |  1- 3 |  4- 6 |  7- 9 || total
-------------------------+-------+-------+-------++-------
Melee: War axe           |   100 |   167 |    14 ||   281
       Dire flail        |       |       |   322 ||   322
  Use: Potion            |       |       |     2 ||     2
  Eat: Chunk             |     1 |     5 |     6 ||    12
       Ration            |       |     1 |     2 ||     3
Armor: Scale mail        |    38 |    70 |    76 ||   184
       Plate armour      |       |       |    83 ||    83
Dodge: Dodged            |    42 |    51 |    98 ||   191
Block: Shield            |    59 |    81 |   184 ||   324

Table legend:
 A = Non-vault XP
 B = Vault XP
 C = Vault XP percentage of total XP
 D = Non-vault monster count
 E = Vault monster count
 F = Vault count percentage of total count
                 A         B        C        D         E       F
            +---------+---------+-------+---------+---------+-------
      Total |    2875 |     314 |   9.8 |     129 |       6 |   4.4
            +---------+---------+-------+---------+---------+-------
        D:1 |      50 |       0 |   0.0 |      26 |       0 |   0.0
        D:2 |      45 |       0 |   0.0 |      17 |       0 |   0.0
        D:3 |      77 |      11 |  12.5 |      16 |       4 |  20.0
        D:4 |     185 |       0 |   0.0 |       6 |       0 |   0.0
        D:5 |     120 |      91 |  43.1 |       8 |       1 |  11.1
        D:6 |    1817 |     212 |  10.4 |      38 |       1 |   2.6
        D:7 |     581 |       0 |   0.0 |      18 |       0 |   0.0
            +---------+---------+-------+---------+---------+-------
